 Dungeon Crawl Stone Soup version 0.18.1-50-g88ac8fd (webtiles) character file.

7641 DaddyBuck the Fighter (level 10, 0/82 HPs)
             Began as a Black Draconian Fighter on Jan 2, 2017.
             Was a Priest of Makhleb.
             Slain by Erica
             ... wielding a +4 scimitar of flaming
              (1 damage)
             ... on level 8 of the Dungeon.
             The game lasted 00:37:33 (10272 turns).

DaddyBuck the Fighter (Black Draconian Fighter)    Turns: 10272, Time: 00:37:34

Health: 0/82       AC: 17    Str: 21    XL:     10   Next: 98%
Magic:  13/13      EV: 20    Int: 10    God:    Makhleb [***...]
Gold:   583        SH:  0    Dex: 10    Spells: 0 memorised, 9 levels left

rFire  + . .     SeeInvis .     r - +3 great sword (freeze)
rCold  . . .     Gourm    .     (armour unavailable)
rNeg   . . .     Faith    .     (shield currently unavailable)
rPois  .         Spirit   .     (helmet restricted)
rElec  +         Dismiss  .     p - +0 cloak
rCorr  .         Reflect  .     l - +0 pair of gloves
SustAt .         Harm     .     (no boots)
MR     .....                    K - amulet of regeneration
Stlth  +.........               q - +5 ring of evasion
                                y - ring of Robustness {AC+8}

@: slowed, very slow, not resistant to hostile enchantments, very unstealthy
A: breathe lightning, unfitting armour, blink, fire resistance 1, frail 1, low
mp 1, electricity resistance, wild magic 1, evolution 1, cold-blooded,
MP-powered wands, AC +7
a: Breathe Lightning, Blink, Minor Destruction, Lesser Servant of Makhleb,
Renounce Religion


You were on level 8 of the Dungeon.
You worshipped Makhleb.
Makhleb was most pleased with you.
You were hungry.

You visited 1 branch of the dungeon, and saw 9 of its levels.
You also visited: Ossuary.

You collected 613 gold pieces.
You spent 30 gold pieces at shops.

Inventory:

Hand Weapons
 r - a +3 great sword of freezing (weapon)
 E - a +1 vampiric halberd
Armour
 l - a +0 pair of gloves (worn)
 p - a +0 cloak (worn)
 F - a +1 shield
Jewellery
 k - a +2 ring of evasion
 o - an uncursed ring of positive energy
 q - a +5 ring of evasion (right hand)
 y - the ring of Robustness (left hand) {AC+8}
   (You found it on level 4 of the Dungeon)

   [ring of protection]

   It affects your AC (+8).
 K - an amulet of regeneration (around neck)
 O - an uncursed amulet of faith
Wands
 m - a wand of flame (48/48)
 u - a wand of random effects (11/48)
 H - a wand of confusion (18/48)
 I - a wand of flame (19/48)
 J - a wand of random effects (33/48)
 N - a wand of confusion (36/48)
 R - a wand of lightning (10/15)
Scrolls
 c - a scroll of magic mapping
 e - 4 scrolls of teleportation
 t - 2 scrolls of fog
 C - a scroll of remove curse
 D - a scroll of enchant armour
Potions
 a - 2 potions of agility {unknown}
 f - 4 potions of lignification
 g - a potion of magic {unknown}
 h - a potion of ambrosia {unknown}
 j - 3 potions of mutation
 v - 2 potions of flight
 w - a potion of degeneration
 x - 2 potions of resistance
 z - 5 potions of curing
 A - 2 potions of brilliance
 L - 2 potions of cure mutation {unknown}
Books
 i - a book of Annihilations

   Spells                             Type                      Level
   a - Poison Arrow                   Conjuration/Poison           6
   b - Chain Lightning                Conjuration/Air              8
   c - Lehudib's Crystal Spear        Conjuration/Earth            8
   d - Glaciate                       Conjuration/Ice              9
   e - Fire Storm                     Conjuration/Fire             9
 s - a book of Ice

   Spells                             Type                      Level
   a - Ice Form                       Ice/Transmutation            4
   b - Metabolic Englaciation         Hexes/Ice                    5
   c - Ozocubu's Refrigeration        Ice                          6
   d - Bolt of Cold                   Conjuration/Ice              6
   e - Freezing Cloud                 Conjuration/Ice/Air          6
   f - Simulacrum                     Ice/Necromancy               6
 G - a book of Fire

   Spells                             Type                      Level
   a - Ignite Poison                  Fire/Transmutation/Poison    3
   b - Fireball                       Conjuration/Fire             5
   c - Bolt of Fire                   Conjuration/Fire             6
   d - Delayed Fireball               Conjuration/Fire             7
   e - Ring of Flames                 Charms/Fire                  7
 Q - a book of Cantrips

   Spells                             Type                      Level
   a - Corona                         Hexes                        1
   b - Animate Skeleton               Necromancy                   1
   c - Summon Small Mammal            Summoning                    1
   d - Apportation                    Translocation                1
Comestibles
 b - 2 meat rations
 d - 7 bread rations
 n - 3 fruits
 B - 11 slices of pizza
 M - 2 beef jerkies


   Skills:
 + Level 9.6 Fighting
 + Level 6.0 Long Blades
   Level 3.7(4.0) Axes
 - Level 2.1(3.2) Polearms
 + Level 8.1 Dodging
 + Level 8.3 Shields
 + Level 6.7 Invocations


You had 9 spell levels left.
You didn't know any spells.

Dungeon Overview and Level Annotations

Branches:
Dungeon (9/15)             Temple (0/1) D:5            Lair (0/8) D:9
    Orc: D:9-12

Altars:
Ashenzari
Cheibriados
Dithmenos
Fedhas
Gozag
Makhleb
Okawaru
Qazlal
Ru
Trog
Vehumet
Xom
Zin

Shops:
D:4 }*   D:7 %   D:9 :

Annotations:
D:8 Erica


Innate Abilities, Weirdness & Mutations

You can breathe wild blasts of lightning.
Your glossy black scales are hard (AC +7).
Your body does not fit into most forms of armour.
You are resistant to electric shocks.
You are cold-blooded and may be slowed by cold attacks.
You can translocate small distances at will.
Your flesh is heat resistant.
You are frail (-10% HP).
Your magical capacity is low (-10% MP).
Your spells are a little harder to cast, but a little more powerful.
You evolve.
You expend magic power (3 MP) to strengthen your wands.


Message History

Unknown command.
You bump into the rock wall.
Something hits you!
* * * LOW HITPOINT WARNING * * *
Something burns you.
* * * LOW HITPOINT WARNING * * *
Unknown command.
You barely miss something. Something hits you.
* * * LOW HITPOINT WARNING * * *
Something hits you.
* * * LOW HITPOINT WARNING * * *
Drink which item? (? for menu, Esc to quit)
Okay, then.
You're too confused!
You're too confused!
You barely miss something.
You feel less confused. Something hits you.
* * * LOW HITPOINT WARNING * * *
Something burns you.
You die...

####### #.....# #.....#
#.....# #.....# ..
##.....# #. #@.....#
#.###{##.#.##
#>#.........#
#.#.#.......#
#.#.#...#...#
#.#.#.......###
############.............
....#......###.#.....#.##
[.#.#.####.# #.........#
###


There were no monsters in sight!

Vanquished Creatures
  Erolcha (D:8)
  The ghost of shayl the Covered, a novice HOFi (D:7)
  Pikel (D:7)
  A guardian serpent (D:9)
  A troll (D:9)
  Prince Ribbit (D:9)
  A vampire (D:9)
  A wyvern (D:9)
  A human (D:7)
  A steam dragon (D:9)
  4 ice beasts
  4 sky beasts
  A slave (D:7)
  4 orc warriors
  A phantom (D:5)
  A black bear (D:9)
  7 ogres
  3 centaurs
  A crocodile (D:8)
  A big kobold (D:9)
  3 giant frogs (D:9)
  A gnoll sergeant (D:6)
  3 scorpions
  6 wights
  A howler monkey (D:8)
  4 crimson imps
  A wasp zombie (D:8)
  A centaur zombie (D:9)
  A giant frog zombie (D:9)
  7 hounds
  A gnoll shaman (D:7)
  4 orc priests
  Crazy Yiuf (D:3)
  A giant frog skeleton (D:8)
  2 centaur skeletons (D:4)
  5 worker ants
  Ijyb (D:3)
  Terence (D:3)
  Natasha (twice) (D:2)
  3 iguanas
  7 orc wizards
  4 sheep (D:7)
  2 hound zombies
  A hound skeleton (D:8)
  8 mummies (Ossuary)
  A worker ant zombie (D:7)
  20 gnolls
  A howler monkey zombie (D:6)
  9 adders
  A shadow imp (D:6)
  An ooze (D:1)
  2 adder skeletons (D:6)
  2 worms
  2 dart slugs
  2 giant geckos (D:5)
  33 orcs
  15 bats
  3 giant cockroaches
  10 goblins
  13 hobgoblins
  6 jackals
  19 kobolds
  5 quokkas
  A ball python (D:4)
  7 giant newts
  A gnoll zombie (Ossuary)
  4 hobgoblin zombies (Ossuary)
  A jackal zombie (D:6)
  3 orc zombies (Ossuary)
  7 rats
277 creatures vanquished.

Notes
Turn   | Place    | Note
--------------------------------------------------------------
     0 | D:1      | DaddyBuck the Draconian Fighter began the quest for the Orb.
     0 | D:1      | Reached XP level 1. HP: 19/19 MP: 1/1
   123 | D:1      | Reached XP level 2. HP: 20/26 MP: 2/2
   742 | D:1      | Reached XP level 3. HP: 30/33 MP: 3/3
  1242 | D:2      | Found a snail-covered altar of Cheibriados.
  1351 | D:2      | Found an iron altar of Okawaru.
  1453 | D:2      | Found a shattered altar of Ashenzari.
  1569 | D:2      | Reached skill level 4 in Fighting
  1604 | D:2      | Noticed Natasha
  1614 | D:2      | Killed Natasha
  1614 | D:2      | Reached XP level 4. HP: 16/40 MP: 4/4
  1656 | D:2      | Noticed Natasha
  1681 | D:2      | Killed Natasha
  1868 | D:2      | You fall through a shaft!
  1908 | D:3      | Reached XP level 5. HP: 43/47 MP: 5/5
  2088 | D:2      | Found a shimmering altar of Xom.
  2325 | D:3      | Noticed Crazy Yiuf
  2336 | D:3      | Killed Crazy Yiuf
  2336 | D:3      | Reached skill level 5 in Fighting
  2724 | D:3      | Noticed Ijyb
  2750 | D:3      | Killed Ijyb
  2870 | D:3      | Found a burning altar of Makhleb.
  2890 | D:3      | Became a worshipper of Makhleb the Destroyer
  2943 | D:3      | Reached XP level 6. HP: 56/56 MP: 6/6
  2985 | D:3      | Noticed Terence
  3003 | D:3      | Killed Terence
  3275 | D:3      | Found a sacrificial altar of Ru.
  3550 | D:4      | Reached * piety under Makhleb
  3565 | D:4      | Your scales start taking on a glossy black colour.
  3565 | D:4      | Reached XP level 7. HP: 19/62 MP: 7/7
  3565 | D:4      | Gained mutation: You are resistant to electric shocks. [Black Draconian growth]
  3878 | D:4      | Reached skill level 5 in Shields
  4012 | D:4      | Found Honiogan's Gadget Shop.
  4016 | D:4      | Reached skill level 5 in Dodging
  4107 | D:4      | Found Zin's Purification Station.
  4108 | D:4      | Found a glowing silver altar of Zin.
  4150 | D:4      | Reached skill level 6 in Fighting
  4332 | D:5      | Entered Level 5 of the Dungeon
  4668 | D:5      | Reached XP level 8. HP: 71/71 MP: 8/8
  4702 | D:5      | Found a blossoming altar of Fedhas.
  4745 | D:5      | Found a bloodstained altar of Trog.
  4872 | D:5      | Found a staircase to the Ecumenical Temple.
  4937 | D:5      | Reached skill level 1 in Polearms
  5068 | D:5      | Found a shadowy altar of Dithmenos.
  5267 | D:5      | Reached ** piety under Makhleb
  5524 | D:6      | Reached skill level 1 in Invocations
  5707 | D:6      | Reached skill level 1 in Long Blades
  5710 | D:6      | Reached skill level 7 in Fighting
  5955 | D:6      | Found a stormy altar of Qazlal.
  6228 | D:6      | Reached XP level 9. HP: 79/79 MP: 11/11
  6313 | D:6      | Found an opulent altar of Gozag.
  6334 | D:6      | Found a radiant altar of Vehumet.
  6484 | D:6      | Reached *** piety under Makhleb
  6958 | D:7      | Found a sand-covered staircase.
  6966 | Ossuary  | Entered an ossuary
  7511 | D:7      | Found Wakhir's Food Shoppe.
  7521 | D:7      | Bought a slice of pizza for 15 gold pieces
  7521 | D:7      | Bought a slice of pizza for 15 gold pieces
  7561 | D:7      | Noticed shayl's ghost (novice HOFi)
  7605 | D:7      | Killed shayl's ghost
  7605 | D:7      | Reached skill level 8 in Fighting
  7845 | D:7      | Reached **** piety under Makhleb
  8005 | D:6      | Gained mutation: You are frail (-10% HP). [mutagenic meat]
  8006 | D:6      | Gained mutation: You can translocate small distances at will. [mutagenic meat]
  8007 | D:6      | Gained mutation: You evolve. [mutagenic meat]
  8150 | D:6      | Gained mutation: Your spells are a little harder to cast, but a little more powerful. [evolution]
  8309 | D:7      | Reached skill level 5 in Invocations
  8413 | D:7      | Noticed Pikel
  8427 | D:7      | Killed Pikel
  8427 | D:7      | Reached XP level 10. HP: 72/81 MP: 13/13
  8822 | D:8      | Reached ***** piety under Makhleb
  9151 | D:8      | Noticed Erolcha
  9162 | D:8      | Killed Erolcha
  9162 | D:8      | Reached skill level 9 in Fighting
  9162 | D:8      | Reached skill level 5 in Long Blades
  9176 | D:8      | Noticed Erica
  9349 | D:9      | Noticed a guardian serpent
  9358 | D:9      | Killed a guardian serpent
  9360 | D:9      | Noticed Prince Ribbit
  9372 | D:9      | Killed Prince Ribbit
  9373 | D:9      | Found an opulent altar of Gozag.
  9381 | D:9      | Gained mutation: Your flesh is heat resistant. [mutagenic meat]
  9383 | D:9      | Gained mutation: Your magical capacity is low (-10% MP). [mutagenic meat]
  9384 | D:9      | Gained mutation: You expend magic power (3 MP) to strengthen your wands. [mutagenic meat]
  9436 | D:9      | Found Assat's Book Shoppe.
  9786 | D:9      | Found a staircase to the Lair.
 10271 | D:8      | HP: 4/82 [something (1)]
 10272 | D:8      | HP: 1/82 [something (5)]
 10272 | D:8      | Slain by Erica

Skill      XL: |  1  2  3  4  5  6  7  8  9 10 |
---------------+-------------------------------+-----
Dodging        | 3 4 5 6 7 8 |  8.1
Fighting       | 4 5 6 7 8 9 |  9.6
Shields        | 4 5 6 7 8 |  8.3
Axes           | 3 |  3.7
Polearms       | 2 |  2.1
Invocations    | 3 5 6 |  6.7
Long Blades    | 2 4 6 |  6.0

Action                   |  1- 3 |  4- 6 |  7- 9 | 10-12 || total
-------------------------+-------+-------+-------+-------++-------
Melee: War axe           |   122 |   193 |    72 |       ||   387
       Tailslap          |    10 |    19 |    51 |    33 ||   113
       Halberd           |       |       |    85 |       ||    85
       Great sword       |       |       |   270 |   210 ||   480
 Abil: Breathe Lightning |       |       |     4 |     3 ||     7
  Use: Scroll            |     9 |       |     9 |     8 ||    26
       Potion            |       |     1 |     6 |     3 ||    10
 Stab: Distracted        |       |       |     1 |       ||     1
  Eat: Chunk             |     2 |     7 |    16 |    11 ||    36
       Bread ration      |       |       |     2 |       ||     2
Armor: Skin              |    33 |    34 |   209 |    76 ||   352
Dodge: Dodged            |    72 |   134 |   584 |   260 ||  1050
Block: Shield            |    62 |   136 |    46 |       ||   244
